 Dungeon Crawl Stone Soup version 0.28-a0-577-gb193047a1f (webtiles) character file.

Game seed: 13966630861930424787

24 diltron the Skirmisher (level 2, -2/25 HPs)
             Began as a Palentonga Fighter on Oct 1, 2021.
             Slain by a gnoll (6 damage)
             ... on level 2 of the Dungeon.
             The game lasted 00:04:08 (951 turns).

diltron the Skirmisher (Palentonga Fighter)          Turns: 951, Time: 00:04:10

Health: -2/25      AC:  6    Str: 19    XL:     2   Next: 79%
Magic:  2/2        EV:  7    Int:  8    God:
Gold:   60         SH:  4    Dex:  9    Spells: 1/1 levels left

rFire   . . .      SeeInvis +   a - +0 flail
rCold   . . .      Faith    .   c - +0 buckler
rNeg    . . .      Spirit   .   b - +0 scale mail
rPois   .          Reflect  .   (no helmet)
rElec   .          Harm     .   (no cloak)
rCorr   .          Rampage  .   (no gloves)
Will    .....                   (no barding)
Stlth   ..........              (no amulet)
HPRegen 0.08/turn               (no ring)
MPRegen 0.08/turn               (no ring)

@: no status effects
A: large, rugged brown scales 3, see invisible, deformed body, roll 1, armoured
tail
a: Rolling Charge


You were on level 2 of the Dungeon.
You visited 1 branch of the dungeon, and saw 2 of its levels.

You collected 60 gold pieces.

Inventory:

Hand Weapons
 a - a +0 flail (weapon)
Armour
 b - a +0 scale mail (worn)
 c - a +0 buckler (worn)
Scrolls
 f - a scroll of brand weapon {unknown}
 g - a scroll of teleportation {unknown}
 h - a scroll of enchant weapon {unknown}
 i - a scroll of amnesia {unknown}
Potions
 d - a potion of might
 e - 2 potions of berserk rage {unknown}


   Skills:
 + Level 3.2 Fighting
 + Level 2.2 Maces & Flails
 + Level 2.8 Armour
 + Level 2.7 Shields


You had one spell level left.
You didn't know any spells.
Your spell library contained the following spells:

 Spells                   Type           Power      Damage    Failure   Level
 Pain                     Necr           0%         1d4       78%         1
 Agony                    Necr           0%         N/A       100%        5
 Excruciating Wounds      Necr           0%         N/A       100%        5


Dungeon Overview and Level Annotations

Branches:
Dungeon (2/15)

Altars:


Innate Abilities, Weirdness & Mutations

You are completely covered in rugged brown scales. (AC +3, +7% HP)
You have supernaturally acute eyesight. (SInv)
Armour fits poorly on your strangely shaped body.
You can roll at nearby foes to attack.
You have a long armoured tail.


Message History

The ball python bites you. The gnoll barely misses you.
A kobold comes into view. It is wielding a +0 whip.
Your scale mail prevents you from hitting the ball python.
The ball python bites you. The gnoll barely misses you.
The ball python bites you but does no damage.
You closely miss the ball python.
Your tail-slap misses the ball python.
The ball python barely misses you. The gnoll hits you with a +0 flail.
A ball python comes into view.
The ball python hisses angrily.
The ball python bites you but does no damage.
The ball python bites you but does no damage.
The ball python completely misses you.
A ball python comes into view.
The ball python hisses angrily.
The ball python bites you. You block the ball python's attack.
The ball python bites you.
You thump the ball python!
You kill the ball python!
The ball python bites you but does no damage. x2
You see here a ball python corpse.
You barely miss the ball python. The ball python barely misses you.
You thump the ball python!
You kill the ball python!
The ball python bites you but does no damage.
The ball python bites you. You block the gnoll's attack.
You barely miss the gnoll.
The ball python bites you but does no damage.
The gnoll hits you with a +0 flail. The ball python barely misses you.
You closely miss the gnoll. The gnoll hits you with a +0 flail.
* * * LOW HITPOINT WARNING * * *
The ball python barely misses you.
You hit the gnoll. You tail-slap the gnoll!
The gnoll is severely wounded.
The ball python bites you.
* * * LOW HITPOINT WARNING * * *
The ball python bites you but does no damage.
The gnoll hits you with a +0 flail.
You die...

#.# #.# #.# ###.#
#...## #.^..
.###########...#
.............S†#
!.......######@#
........######g##
.?...........SgK#
#...............#
.......†...####.#
...........# .#
####..#.##.# .#
#....#.##.# ..
#.##.#<##.# ##


You could see 2 gnolls, 2 ball pythons and a kobold.

Vanquished Creatures
  A dart slug (D:1)
  2 ball pythons (D:2)
  4 endoplasms (D:1)
  2 goblins (D:1)
  5 hobgoblins
  A quokka (D:1)
  A bat (D:1)
  2 kobolds (D:1)
  A rat (D:1)
19 creatures vanquished.

Notes
Turn   | Place    | Note
-------+----------+-------------------------------------------
     0 | D:1      | diltron the Palentonga Fighter began the quest for the Orb.
     0 | D:1      | Reached XP level 1. HP: 19/19 MP: 1/1
     0 | D:1      | Noticed an ogre
     1 | D:1      | Noticed a ghoul
    15 | D:1      | Noticed a tengu
    19 | D:1      | Noticed a naga
    21 | D:1      | Noticed an ogre
   286 | D:1      | Reached XP level 2. HP: 25/25 MP: 2/2
   951 | D:2      | Slain by a gnoll

Illustrated notes

Levels and vault maps discovered:
D:1:      shiori_arrival_whats_in_store_for_you, layout_loops_ring
D:2:      layout_loops_ring, grunt_decor_fettered

Action                   || total
-------------------------++-------
Melee: Flail             ||    54
       Tailslap          ||     4
 Abil: Rolling Charge    ||     2
Armor: Scale mail        ||    26
Dodge: Dodged            ||    19
Block: Buckler           ||     9

Table legend: (Time is in decaauts)
 A = Elapsed time spent in this place.
 B = Non-inter-level travel time spent in this place.
 C = Inter-level travel time spent in this place.
 D = Time resting spent in this place.
 E = Time spent auto-exploring this place.
 F = Levels seen in this place.
 G = Mean time per level.
                   A        B        C        D        E       F      G
               +--------+--------+--------+--------+--------+-----+--------+
         Total |    966 |    927 |     39 |    195 |    549 |   2 |  483.0 |
       Dungeon |    966 |    927 |     39 |    195 |    549 |   2 |  483.0 |
               +--------+--------+--------+--------+--------+-----+--------+

Top non-repeatable levels by time:
     D:1: 936 daAuts
     D:2: 29 daAuts
